 Dungeon Crawl Stone Soup version 0.28.0-53-g5a82cb258f (webtiles) character file.

Game seed: 2577875737311524608

3511 Zeld the Thaumaturge (level 9, -32/45 HPs)
             Began as a Deep Elf Conjurer on May 24, 2022.
             Killed from afar by Joseph (38 damage)
             ... with a bolt of acid
             ... on level 8 of the Dungeon.
             The game lasted 00:11:40 (11196 turns).

Zeld the Thaumaturge (Deep Elf Conjurer)           Turns: 11196, Time: 00:11:41

Health: -32/45     AC:  7    Str:  4    XL:     9   Next: 81%
Magic:  35/36      EV: 12    Int: 28    God:
Gold:   338        SH:  0    Dex: 13    Spells: 17/32 levels left

rFire   . . .      SeeInvis .   (no weapon)
rCold   . . .      Faith    .   (no shield)
rNeg    . . .      Spirit   .   a - +0 robe
rPois   .          Reflect  .   (no helmet)
rElec   .          Harm     .   v - +0 cloak
rCorr   .          Rampage  .   d - +1 pair of gloves
Will    .....                   e - +1 pair of boots {Fly}
Stlth   ++........              r - amulet of magic regeneration
HPRegen 0.15/turn               m - ring of magical power
MPRegen 0.65/turn               (no ring)

@: flying
A: no striking features
a: no special abilities


You were on level 8 of the Dungeon.
You visited 2 branches of the dungeon, and saw 9 of its levels.

You collected 338 gold pieces.

Inventory:

Armour
 a - a +0 robe (worn)
 d - a +1 pair of gloves (worn)
 e - a +1 pair of boots of flying (worn)
 v - a +0 cloak (worn)
Jewellery
 m - a ring of magical power (left hand)
 r - an amulet of magic regeneration (around neck)
Wands
 t - a wand of mindburst (8)
 y - a wand of iceblast (14)
Scrolls
 b - a scroll of identify
 f - 3 scrolls of amnesia
 o - a scroll of enchant armour
 p - 2 scrolls of enchant weapon
 s - a scroll of magic mapping
 w - 3 scrolls of teleportation {unknown}
 x - a scroll of fear {unknown}
Potions
 c - 3 potions of heal wounds {unknown}
 g - a potion of invisibility {unknown}
 h - 3 potions of flight {unknown}
 j - 2 potions of resistance {unknown}
 l - a potion of lignification {unknown}
 q - 2 potions of magic {unknown}
 u - a potion of mutation {unknown}
 z - a potion of curing {unknown}


   Skills:
 - Level 2.4 Dodging
 - Level 2.4 Stealth
 * Level 12.0 Spellcasting
 * Level 10.7 Conjurations
 - Level 2.0 Hexes
 - Level 2.0 Translocations
 + Level 5.8 Fire Magic


You had 17 spell levels left.
You knew the following spells:

 Your Spells              Type           Power      Damage    Failure   Level
a - Magic Dart            Conj           100%       1d8       1%          1
b - Searing Ray           Conj           100%       2d8       1%          2
c - Fulminant Prism       Conj/Hex       25%        3d14      2%          4
d - Iskenderun's Mystic   Conj/Tloc      51%        2d11      2%          4
e - Sticky Flame          Conj/Fire      59%        2d7       1%          4

Your spell library contained the following spells:

 Spells                   Type           Power      Damage    Failure   Level
 Slow                     Hex            100%       N/A       1%          1
 Conjure Flame            Conj/Fire      59%        6-21      1%          3
 Dazzling Flash           Conj/Hex       100%       N/A       1%          3
 Pain                     Necr           64%        1d7       3%          1
 Ensorcelled Hibernation  Hex/Ice        44%        N/A       3%          2
 Passwall                 Tmut/Erth      13%        N/A       4%          2
 Confusing Touch          Hex            28%        N/A       4%          3
 Gell's Gravitas          Tloc           28%        N/A       4%          3
 Ignite Poison            Fire/Tmut/Pois 27%        N/A       4%          3
 Teleport Other           Tloc           28%        N/A       4%          3
 Swiftness                Air            16%        N/A       10%         3
 Vampiric Draining        Necr           16%        2d7       10%         3
 Animate Armour           Summ/Erth      32%        N/A       32%         4
 Iron Shot                Conj/Erth      23%        9d5       50%         6
 Agony                    Necr           16%        N/A       65%         5
 Blade Hands              Tmut           8%         N/A       65%         5
 Excruciating Wounds      Necr           8%         N/A       65%         5
 Dispersal                Tloc           14%        N/A       91%         6


Dungeon Overview and Level Annotations

Branches:
Dungeon (8/15)             Temple (1/1) D:7
   Lair: D:8-11

Altars:
Ashenzari
Cheibriados
Dithmenos
Elyvilon
Fedhas
Gozag
Hepliaklqana
Kikubaaqudgha
Makhleb
Nemelex Xobeh
Okawaru
Qazlal
Ru
Sif Muna
Trog
Wu Jian
Xom
Zin
The Shining One

Shops:
D:3 :

Portals:
Abyss: D:4

Annotations:
D:4 2 transporters, Shockd's ghost, amateur DgTm
D:6 Maggie
D:8 Joseph


Message History

You can't see any susceptible monsters within range! (Use Z to cast anyway.) Joseph shoots a sling bullet.
The sling bullet hits you but does no damage.
You fly upwards.
There is a stone staircase leading down here.
You start resting.
You start resting.
HP restored.
You start waiting.
Done waiting.
You fly downwards.
Level annotation: Joseph Joseph shoots a sling bullet.
The sling bullet misses you.
There is a stone staircase leading up, spattered with blood here.
Press: ? - help, v - describe, . - travel
Here: Joseph, wielding a +0 hunting sling, wearing a +0 leather armour, quivering sling bullets and carrying a wand of acid (2)
The floor.
Casting: Searing Ray (safe; 1% risk of failure)
Confirm with . or Enter, or press ? or * to list all spells.
Aiming: Searing Ray (safe; 1% risk of failure)
Press: ? - help, Shift-Dir - straight line, f - Joseph
Aim: Joseph, wielding a +0 hunting sling, wearing a +0 leather armour, quivering sling bullets and carrying a wand of acid (2) (83% to hit)
The searing ray hits Joseph!
Joseph is lightly wounded. (Press . to maintain the ray.) Joseph grins evilly.
The searing ray hits Joseph!
Joseph is moderately wounded.
Joseph shoots a sling bullet.
The sling bullet hits you but does no damage.
Unknown command.
The searing ray hits Joseph.
Joseph is moderately wounded.
Joseph zaps a wand.
The bolt of acid hits you!!!
Ouch! That really hurt!
* * * LOW HITPOINT WARNING * * *
Unknown command.
Joseph zaps a wand.
The bolt of acid hits you!!!
Ouch! That really hurt!
You die...

.. # ##.# .########.). ..
..........# ##.#
..[.......# #..#
##........###.#
..............######
.........(......[..#
##.........#....@#
#...........@.###.#
#.............# .#
#.........#...# .#
###.....#..##### .#
#...#####.## ###.#####
#.#######.######.....?.#
......##.......#.......##
..........>......._......


You could see Joseph.

Vanquished Creatures
  Pikel (D:7)
  A troll (D:6)
  Grinder (D:3)
  Edmund (D:6)
  A water moccasin (D:6)
  An orc warrior (D:6)
  A black bear (D:7)
  An ice beast (D:5)
  A sky beast (D:7)
  2 necrophages
  An ogre (D:5)
  4 centaurs
  A phantom (D:6)
  A kobold brigand (D:7)
  A lemure (D:7)
  A gnoll sergeant (D:7)
  A wyvern zombie (D:7)
  A bullfrog (D:7)
  2 water moccasin zombies
  A scorpion (D:5)
  2 wyvern skeletons (D:7)
  An electric eel (D:6)
  4 crimson imps (D:7)
  3 howler monkeys (D:7)
  A bullfrog zombie (D:5)
  A centaur zombie (D:7)
  2 hounds (D:5)
  3 bullfrog skeletons
  Jessica (D:2)
  2 orc wizards
  15 gnolls
  2 adders
  A howler monkey skeleton (D:4)
  A shadow imp (D:6)
  2 white imps (D:6)
  An ufetubus (D:7)
  An adder skeleton (D:5)
  A worm (D:2)
  2 dart slugs (D:4)
  10 orcs
  7 ball pythons
  13 endoplasms
  4 giant cockroaches
  8 goblins
  8 hobgoblins
  2 jackals (D:2)
  3 quokkas
  4 bats
  6 frilled lizards
  13 kobolds
  A quokka skeleton (D:4)
  10 rats
160 creatures vanquished.

Vanquished Creatures (others)
  A plant (D:6)
1 creature vanquished.

Grand Total: 161 creatures vanquished

Notes
Turn   | Place    | Note
-------+----------+-------------------------------------------
     0 | D:1      | Zeld the Deep Elf Conjurer began the quest for the Orb.
     0 | D:1      | Reached XP level 1. HP: 10/10 MP: 6/6
   392 | D:1      | Reached XP level 2. HP: 15/15 MP: 6/8
   430 | D:1      | Learned a level 2 spell: Searing Ray
   648 | D:1      | Reached skill level 1 in Hexes
   817 | D:1      | Reached skill level 1 in Translocations
  1059 | D:1      | Found a faded altar of an unknown god.
  1385 | D:2      | Noticed Jessica
  1390 | D:2      | Killed Jessica
  1391 | D:2      | Reached skill level 4 in Spellcasting
  1391 | D:2      | Reached XP level 3. HP: 10/19 MP: 1/10
  1713 | D:2      | Found a bloodstained altar of Trog.
  1819 | D:2      | Reached skill level 5 in Conjurations
  1819 | D:2      | Reached XP level 4. HP: 24/24 MP: 7/12
  1829 | D:2      | Learned a level 4 spell: Fulminant Prism
  1834 | D:2      | Learned a level 4 spell: Iskenderun's Mystic Blast
  2899 | D:3      | Reached XP level 5. HP: 28/28 MP: 5/14
  2906 | D:3      | Reached skill level 5 in Spellcasting
  3481 | D:3      | Found Bulomuz's Book Shoppe.
  3589 | D:3      | Noticed Grinder
  3596 | D:3      | Killed Grinder
  3597 | D:3      | Reached skill level 6 in Spellcasting
  3597 | D:3      | Reached XP level 6. HP: 18/32 MP: 6/17
  3761 | D:3      | Learned a level 4 spell: Sticky Flame
  4382 | D:4      | Noticed a toenail golem
  4395 | D:4      | Found a transporter.
  4729 | D:4      | Found a transporter.
  4729 | D:4      | Found a one-way gate to the infinite horrors of the Abyss.
  4729 | D:4      | Noticed Shockd's ghost (amateur DgTm)
  4788 | D:4      | Reached skill level 1 in Fire Magic
  5197 | D:4      | Reached XP level 7. HP: 30/36 MP: 19/19
  5536 | D:5      | Entered Level 5 of the Dungeon
  5629 | D:5      | Found a broken altar of Ashenzari.
  5734 | D:5      | Reached skill level 7 in Spellcasting
  6000 | D:5      | Found a stormy altar of Qazlal.
  6129 | D:5      | Noticed a vampire
  6285 | D:5      | Reached skill level 8 in Spellcasting
  6693 | D:5      | Reached XP level 8. HP: 38/41 MP: 22/22
  6939 | D:5      | Found a shimmering blue altar of Sif Muna.
  7014 | D:6      | Noticed Edmund
  7456 | D:6      | Killed Edmund
  7786 | D:6      | Noticed a troll
  7792 | D:6      | Killed a troll
  7793 | D:6      | Reached skill level 9 in Spellcasting
  8391 | D:6      | Noticed Maggie
  8398 | D:7      | Found a staircase to the Ecumenical Temple.
  8403 | D:7      | Reached skill level 10 in Spellcasting
  8404 | Temple   | Entered the Ecumenical Temple
  8517 | D:7      | Reached XP level 9. HP: 15/45 MP: 20/25
  8896 | D:7      | Noticed Pikel
  8905 | D:7      | Killed Pikel
  8906 | D:7      | Reached skill level 11 in Spellcasting
  8906 | D:7      | Reached skill level 10 in Conjurations
  8906 | D:7      | Reached skill level 5 in Fire Magic
  9289 | D:6      | Found a glowing golden altar of the Shining One.
 10057 | D:7      | Found a shadowy altar of Dithmenos.
 10449 | D:7      | Found a shimmering altar of Xom.
 10464 | D:7      | Reached skill level 12 in Spellcasting
 10668 | D:8      | Found a burning altar of Makhleb.
 10674 | D:8      | Noticed Joseph
 11196 | D:8      | Killed from afar by Joseph

Illustrated notes

Levels and vault maps discovered:
D:1:      eino_arrival_water_star, layout_basic, basic_ecumenical_altar,
          minmay_unequal
D:2:      layout_basic, basic_altar, uniq_jessica
D:3:      layout_basic, serial_shops, shop_fountains, uniq_grinder
D:4:      layout_cave_pods, gammafunk_ghost_abyssal_escape
D:5:      layout_loops_ring, nicolae_qazlal_general_emergency,
          mainiacjoe_overflow_tiny_flanked, mainiacjoe_overflow_alcove_4,
          grunt_decor_mini_mirrors, minmay_misc_feat_alley
D:6:      layout_loops_ring, nicolae_tso_carved_into_rock, serial_bayou_ford_a,
          chequers_serial_rivers_small_a, kennysheep_minor_cross,
          eino_small_chamber_without_monster, uniq_maggie, uniq_edmund
D:7:      layout_basic, general_overflow_altar, led_xom_imps,
          minmay_temple_entry_tees, uniq_pikel
D:8:      layout_rooms, nicolae_yredelemnul_ghost_church, bloody_makhleb,
          minivault_10, nicolae_grassy_gnolls, uniq_joseph
Temple:   nicolae_temple_no_exploring_needed

Skill      XL: |  1  2  3  4  5  6  7  8  9 |
---------------+----------------------------+-----
Hexes          | 1 2 |  2.0
Translocations | 1 2 |  2.0
Spellcasting   | 4 6 8 10 12 | 12.0
Conjurations   | 5 6 7 9 10 | 10.7
Fire Magic     | 1 2 4 5 |  5.8
Dodging        | |  2.4
Stealth        | |  2.4

Action                   |  1- 3 |  4- 6 |  7- 9 || total
-------------------------+-------+-------+-------++-------
Melee: Unarmed           |     6 |     3 |     3 ||    12
 Cast: Magic Dart        |    55 |     6 |       ||    61
       Searing Ray       |     4 |    51 |    44 ||    99
       Sticky Flame      |       |     1 |    24 ||    25
       Iskenderun's Myst |       |       |    28 ||    28
  Use: Scroll            |       |       |     7 ||     7
Armor: Robe              |     3 |     7 |    33 ||    43
Dodge: Dodged            |    10 |    26 |    60 ||    96
